 Dungeon Crawl Stone Soup version 0.31.0-11-ge490571c62 (webtiles) character file.

Game seed: 7722165519971428639

2086 ProzacElf the Skirmisher (level 9, -11/68 HPs)
             Began as a Minotaur Hunter on Jan 26, 2024.
             Mangled by a two-headed ogre
             ... wielding a +0 giant club
              (25 damage)
             ... on level 6 of the Dungeon.
             The game lasted 00:11:26 (6142 turns).

ProzacElf the Skirmisher (Minotaur Hunter)          Turns: 6142, Time: 00:11:26

Health: -11/68     AC:  7    Str: 17    XL:     9   Next: 6%
Magic:  8/8        EV: 14    Int:  6    God:
Gold:   306        SH:  5    Dex: 23    Spells: 8/8 levels left

rFire   . . .        a - +0 shortbow
rCold   + . .        (shield currently unavailable)
rNeg    . . .        E - +0 ring mail
rPois   .            (helmet restricted)
rElec   .            (no cloak)
rCorr   .            (no gloves)
SInv    .            G - +1 pair of boots
Will    .....        p - amulet of reflection
Stlth   ++           M - +6 ring of dexterity
HPRegen 0.31/turn    j - ring of protection from cold
MPRegen 0.11/turn

%: reflection
@: no status effects
A: horns 2, retaliatory headbutt
a: no special abilities


You were on level 6 of the Dungeon.
You visited 1 branch of the dungeon, and saw 6 of its levels.
You also visited: Sewer.

You collected 306 gold pieces.

Inventory:

Hand Weapons
 a - a +0 shortbow (weapon)
 b - a +0 war axe
 v - a +3 mace of pain
 y - a +0 war axe
 L - a +0 battleaxe
Missiles
 A - 13 poisoned darts
Armour
 c - a +0 leather armour
 C - a +0 kite shield
 E - a +0 ring mail (worn)
 G - a +1 pair of boots (worn)
Jewellery
 f - a ring of wizardry
 j - a ring of protection from cold (right hand)
 o - a ring of positive energy
 p - an amulet of reflection (around neck)
 q - a ring of positive energy
 M - a +6 ring of dexterity (left hand)
Talismans
 I - a blade talisman
Wands
 D - a wand of light (3)
Scrolls
 d - a scroll of butterflies
 e - a scroll of torment {unknown}
 k - 2 scrolls of blinking {unknown}
 m - 2 scrolls of teleportation {unknown}
 u - a scroll of vulnerability {unknown}
 x - 2 scrolls of revelation {unknown}
 B - 2 scrolls of poison
 F - 2 scrolls of silence {unknown}
 H - a scroll of amnesia {unknown}
 K - a scroll of enchant armour
 N - a scroll of brand weapon {unknown}
Potions
 g - 3 potions of resistance
 h - 2 potions of mutation
 i - 2 potions of attraction {unknown}
 l - 3 potions of haste {unknown}
 n - 3 potions of curing {unknown}
 r - 6 potions of magic {unknown}
 s - a potion of enlightenment
 t - a potion of ambrosia {!e}
 w - a potion of berserk rage
 z - a potion of might
 J - a potion of cancellation {unknown}


   Skills:
 - Level 2.4 Fighting
 + Level 12.8 Ranged Weapons
 - Level 5.0 Dodging
 - Level 1.0 Stealth


You had 8 spell levels left.
You didn't know any spells.
Your spell library contained the following spells:

 Spells                   Type           Power      Damage    Failure   Level
 Sandblast                Erth           0%         2d4       67%         1
 Blink                    Tloc           0%         N/A       80%         2
 Lesser Beckoning         Tloc           0%         N/A       80%         2
 Momentum Strike          Conj/Tloc      0%         3d8       80%         2
 Passwall                 Erth           0%         N/A       95%         3
 Stone Arrow              Conj/Erth      0%         3d7       95%         3
 Brom's Barrelling Bould  Conj/Erth      0%         2d3       100%        4


Dungeon Overview and Level Annotations

Branches:
Dungeon (6/15)              Sewer (visited)
 Temple: D:4-7

Altars:
Makhleb

Shops:
D:6 *


Innate Abilities, Weirdness & Mutations

You have a pair of horns on your head.
You reflexively headbutt those who attack you in melee.


Message History

Fire: a) +0 shortbow
Press: ? - help, Q - select action, (/) - cycle Shift-Dir - straight line, f/p - two-headed ogre
Aim: a two-headed ogre, wieldin' two +0 giant clubs (severely wounded, blind, un'ble ta see ye, 81% ta hit) Ye shoot an arrow.
Tha arrow barely misses tha two-headed ogre.
Fire: a) +0 shortbow
Press: ? - help, Q - select action, (/) - cycle Shift-Dir - straight line, f/p - two-headed ogre
Aim: a two-headed ogre, wieldin' two +0 giant clubs (severely wounded, blind, un'ble ta see ye, 81% ta hit) Ye shoot an arrow.
Tha arrow hits tha two-headed ogre!
Tha two-headed ogre be almost dead.
Ye block tha two-headed ogre's attack.
Tha two-headed ogre closely misses ye.
Fire: a) +0 shortbow
Press: ? - help, Q - select action, (/) - cycle Shift-Dir - straight line, f/p - two-headed ogre
Aim: a two-headed ogre, wieldin' two +0 giant clubs (almost dead, blind, un'ble ta see ye, 81% ta hit) Ye shoot an arrow.
Tha arrow barely misses tha two-headed ogre.
Fire: a) +0 shortbow
Press: ? - help, Q - select action, (/) - cycle Shift-Dir - straight line, f/p - two-headed ogre
Aim: a two-headed ogre, wieldin' two +0 giant clubs (almost dead, blind, un'ble ta see ye, 81% ta hit) Ye shoot an arrow.
Tha arrow hits tha two-headed ogre but does nay damage.
Tha two-headed ogre be almost dead.
Tha two-headed ogre hits ye wit' a +0 giant club!
* * * LOW HITPOINT WARNIN'
* * * Ye block tha two-headed ogre's attack.
Ye take 13 damage, an' haf 13/68 hp.
Fire: a) +0 shortbow
Press: ? - help, Q - select action, (/) - cycle Shift-Dir - straight line, f/p - two-headed ogre
Aim: a two-headed ogre, wieldin' two +0 giant clubs (almost dead, blind, un'ble ta see ye, 81% ta hit) Ye shoot an arrow.
Tha arrow hits tha two-headed ogre.
Tha two-headed ogre be almost dead.
Tha two-headed ogre be nay longer blind.
Fire: a) +0 shortbow
Press: ? - help, Q - select action, (/) - cycle Shift-Dir - straight line, f/p - two-headed ogre
Aim: a two-headed ogre, wieldin' two +0 giant clubs (almost dead, 81% ta hit) Ye shoot an arrow.
Tha arrow hits tha two-headed ogre but does nay damage.
Tha two-headed ogre be almost dead.
Tha two-headed ogre hits ye wit' a +0 giant club!!
Ye die...

#....###..#
#....##..#########
#....##..##......###
##...#...#.........#
#...#..#..........#
##..#..#..........#
#......#..........#
######...........#
###.......@.#
#.......O.#
###......##
####..### ##†..#
###h.# .....#
........#
......##..#


You could see a two-headed ogre.

Vanquished Creatures
  Sigmund (D:3)
  2 water moccasins (D:6)
  3 ogres (D:6)
  An ice beast (D:5)
  A phantom (D:4)
  A kobold brigand (Sewer)
  A bullfrog (D:6)
  A scorpion (D:4)
  An electric eel (D:6)
  A bombardier beetle (D:4)
  4 hounds
  4 orc priests
  A jelly (D:4)
  A sleepcap (D:6)
  Jessica (D:3)
  9 iguanas
  5 orc wizards
  2 gnolls
  3 river rats (Sewer)
  12 adders
  2 ufetubi (D:6)
  7 dart slugs
  4 ribbon worms
  16 orcs
  25 ball pythons
  3 bats
  7 endoplasms
  11 giant cockroaches
  10 goblins
  9 hobgoblins
  9 jackals
  8 quokkas
  A frilled lizard (D:1)
  21 kobolds
  26 rats
214 creatures vanquished.

Notes
Turn   | Place    | Note
-------+----------+-------------------------------------------
     0 | D:1      | ProzacElf the Minotaur Hunter began the quest for the Orb.
     0 | D:1      | Reached XP level 1. HP: 18/18 MP: 0/0
    34 | D:1      | Reached skill level 1 in Stealth
    41 | D:1      | Reached XP level 2. HP: 25/25 MP: 1/1
   455 | D:1      | Reached XP level 3. HP: 30/30 MP: 2/2
   493 | D:1      | Reached skill level 5 in Ranged Weapons
   909 | D:2      | Found a faded altar of an unknown god.
  1174 | D:2      | Reached XP level 4. HP: 37/37 MP: 3/3
  1729 | D:3      | Noticed Jessica
  1740 | D:3      | Killed Jessica
  1842 | D:3      | Found a glowing drain.
  1845 | D:3      | Reached XP level 5. HP: 42/42 MP: 4/4
  1856 | Sewer    | Entered a sewer
  2069 | Sewer    | Reached skill level 6 in Ranged Weapons
  2192 | Sewer    | Reached skill level 5 in Dodging
  2192 | Sewer    | Reached XP level 6. HP: 37/50 MP: 5/5
  2642 | D:3      | Noticed Sigmund
  2676 | D:3      | Killed Sigmund
  2677 | D:3      | Reached skill level 7 in Ranged Weapons
  2811 | D:3      | Reached skill level 8 in Ranged Weapons
  2811 | D:3      | Reached XP level 7. HP: 29/56 MP: 6/6
  3765 | D:4      | Reached skill level 9 in Ranged Weapons
  4168 | D:4      | Reached skill level 10 in Ranged Weapons
  4184 | D:4      | Reached XP level 8. HP: 53/62 MP: 7/7
  4261 | D:4      | Identified the +1 helmet of Eternal Night {^Drain Str+3
                  | Dex+2}
  4275 | D:5      | Entered Level 5 of the Dungeon
  4730 | D:5      | Found a burning altar of Makhleb.
  5145 | D:5      | Reached skill level 11 in Ranged Weapons
  5331 | D:6      | Found Joypp's Assorted Antiques.
  5522 | D:6      | Reached skill level 12 in Ranged Weapons
  5576 | D:6      | Noticed a two-headed ogre
  5914 | D:6      | Reached XP level 9. HP: 68/68 MP: 8/8
  6121 | D:6      | Noticed a two-headed ogre
  6142 | D:6      | Mangled by a two-headed ogre

Illustrated notes

Levels and vault maps discovered:
D:1:      dpeg_arrival_tiny_c, layout_basic, minmay_box_of_dots
D:2:      wad_crossroads, layout_basic, hellmonk_ecumenical_altar_zigzags,
          minmay_snake_closets
D:3:      layout_basic, gup_sewer_entry_pipe, minmay_misc_feat_alley,
          fountainhead, grunt_decor_arrowhead, chequers_serial_rivers_large_b,
          minivault_5, nicolae_concentric_dashed_squares_wild, uniq_sigmund,
          uniq_jessica
D:4:      layout_rooms, kennysheep_dice
D:5:      layout_gridville, makhleb_altar_promises_db
D:6:      layout_cave_pods, minmay_temple_entry_antechambers, serial_shops,
          nicolae_inconvenience_store, minmay_manual_monstrance

Skill      XL: |  1  2  3  4  5  6  7  8 |
---------------+-------------------------+-----
Stealth        | 1 |  1.0
Dodging        | 3 4 5 |  5.0
Ranged Weapons | 5 6 8 10 12 | 12.8
Fighting       | |  2.4

Action                     |  1- 3 |  4- 6 |  7- 9 || total
---------------------------+-------+-------+-------++-------
   Fire: Shortbow          |   129 |   234 |   384 ||   747
  Evoke: Wand              |       |       |     1 ||     1
    Use: Potion            |       |     2 |     1 ||     3
         Scroll            |       |       |     9 ||     9
 Armour: Leather armour    |    30 |    56 |       ||    86
         Ring mail         |       |     5 |    88 ||    93
  Dodge: Dodged            |    42 |    91 |    89 ||   222
  Block: Other             |     1 |    41 |    24 ||    66
         Reflection        |       |     1 |     1 ||     2

Action                     |  1- 3 |  4- 6 |  7- 9 || total
---------------------------+-------+-------+-------++-------
   Fire: Shortbow          |   129 |   234 |   384 ||   747
  Evoke: Wand              |       |       |     1 ||     1
    Use: Potion            |       |     2 |     1 ||     3
         Scroll            |       |       |     9 ||     9
 Armour: Leather armour    |    30 |    56 |       ||    86
         Ring mail         |       |     5 |    88 ||    93
  Dodge: Dodged            |    42 |    91 |    89 ||   222
  Block: Other             |     1 |    41 |    24 ||    66
         Reflection        |       |     1 |     1 ||     2

Levels and vault maps discovered:
D:1:      dpeg_arrival_tiny_c, layout_basic, minmay_box_of_dots
D:2:      wad_crossroads, layout_basic, hellmonk_ecumenical_altar_zigzags,
          minmay_snake_closets
D:3:      layout_basic, gup_sewer_entry_pipe, minmay_misc_feat_alley,
          fountainhead, grunt_decor_arrowhead, chequers_serial_rivers_large_b,
          minivault_5, nicolae_concentric_dashed_squares_wild, uniq_sigmund,
          uniq_jessica
D:4:      layout_rooms, kennysheep_dice
D:5:      layout_gridville, makhleb_altar_promises_db
D:6:      layout_cave_pods, minmay_temple_entry_antechambers, serial_shops,
          nicolae_inconvenience_store, minmay_manual_monstrance
